 Dungeon Crawl Stone Soup version 0.27-a0-978-g2aa4ecdaef (webtiles) character file.

Game seed: 13158139281249465221

2648 porpoise the Fighter (level 9, 70/70 HPs)
             Began as a Djinni Ice Elementalist on Apr 15, 2021.
             Was an Initiate of Makhleb.
             Quit the game on level 8 of the Dungeon.
             The game lasted 00:33:14 (10743 turns).

porpoise the Fighter (Djinni Ice Elementalist)     Turns: 10743, Time: 00:33:14

Health: 70/70      AC:  9    Str:  7    XL:     9   Next: 62%
Gold:   314        EV: 14    Int: 26    God:    Makhleb [......] SH:  0 Dex: 14

rFire    + + .     SeeInvis .   b - +1 hand crossbow (flame)
rCold    x . .     Faith    .   (no shield)
rNeg     . . .     Spirit   .   c - +1 robe
rPois    ∞         Reflect  .   B - +2 helmet
rElec    .         Harm     .   C - +0 cloak
rCorr    .         Rampage  .   y - +1 pair of gloves
Will     .....                  (boots unavailable)
Stlth    +++.......             (no amulet)
HPRegen  0.21/turn              e - +6 ring of intelligence
MPRegen  0.00/turn              (no ring)

@: flying
A: fire resistance 2, cold vulnerability 1, float, innate caster, hp casting,
extra vitality 1
a: Renounce Religion


You were on level 8 of the Dungeon.
You worshipped Makhleb.
Makhleb was noncommittal.
You visited 2 branches of the dungeon, and saw 9 of its levels.

You collected 507 gold pieces.
You spent 193 gold pieces at shops.

Inventory:

Hand Weapons
 a - a +1 short sword of freezing
 b - a +1 hand crossbow of flaming (weapon)
 x - a +0 hunting sling
Missiles
 h - 105 bolts (quivered ammo)
 i - 33 poisoned darts
 r - 32 sling bullets
 s - a throwing net
 u - 273 stones
 J - 2 javelins
Armour
 c - a +1 robe (worn)
 y - a +1 pair of gloves (worn)
 B - a +2 helmet (worn)
 C - a +0 cloak (worn)
Magical Staves
 w - a staff of cold
 G - a staff of air
Jewellery
 e - a +6 ring of intelligence (left hand)
Wands
 f - a wand of mindburst (17)
 E - a wand of polymorph (16)
 F - a wand of iceblast (28)
Scrolls
 g - a scroll of vulnerability
 m - 4 scrolls of noise
 t - 2 scrolls of teleportation
 H - 2 scrolls of fog
Potions
 j - 2 potions of brilliance
 k - 2 potions of heal wounds
 p - a potion of curing
 v - 4 potions of lignification
 z - a potion of magic {unknown}
 A - a potion of mutation {unknown}
 D - 2 potions of attraction


   Skills:
 + Level 8.0 Fighting
 - Level 5.0 Dodging
 - Level 5.0 Stealth
 - Level 7.0 Spellcasting
 + Level 1.6 Evocations


You couldn't memorise any spells.
You knew the following spells:

 Your Spells              Type           Power      Damage    Failure   Level
a - Freeze                Ice            100%       1d11      1%          1
c - Call Canine Familiar  Summ           45%        N/A       1%          3
d - Hailstorm             Conj/Ice       45%        3d10      3%          4
e - Metabolic Englaciati  Hex/Ice        22%        N/A       10%         5
i - Ignite Poison         Fire/Tmut/Pois 45%        N/A       1%          3
p - Call Imp              Summ           45%        N/A       1%          2
r - Frozen Ramparts       Ice            90%        1d11      1%          3
s - Shock                 Conj/Air       100%       1d9       1%          1
z - Ozocubu's Armour      Ice            45%        N/A       1%          3
Your spell library was empty.

Dungeon Overview and Level Annotations

Branches:
Dungeon (8/15)             Temple (1/1) D:7
   Lair: D:8-11

Altars:
Ashenzari
Cheibriados
Dithmenos
Elyvilon
Gozag
Hepliaklqana
Makhleb
Nemelex Xobeh
Okawaru
Trog
Uskayaw
Wu Jian
Yredelemnul
Zin
The Shining One

Shops:
D:4 *

Annotations:
D:5 /dig


Innate Abilities, Weirdness & Mutations

You are immune to poison.
Your flesh is very heat resistant. (rF++)
You are vulnerable to cold. (rC-)
You float through the air rather than walking.
You learn spells naturally, not from books.
Your magical power is your life essence.
You have superior vitality. (+4 HP)


Message History

There is an open door here.
You see here a +0 falchion.
An orc comes into view. It is wielding a +0 dagger.
You shoot a bolt. The bolt hits the orc!
The bolt burns the orc.
You kill the orc!
Makhleb accepts your kill.
No target in view!
Okay, then.
Unknown command.
Found an escape hatch in the ceiling.
No target in view!
h - 105 bolts (gained 1)
Things that are here:
a +0 dagger; an orc corpse
As you read the scroll labelled DYVOTHYMOKH, it crumbles to dust.
A profound silence engulfs you.
It was a scroll of silence.
Okay, then.
Unknown command.
You start waiting.
Your hearing returns.
You start waiting.
Done waiting.
As you read the scroll labelled OPLEIM ODUFAIRR, it crumbles to dust.
You assume a fearsome visage.
Nothing appears to happen.
It was a scroll of fear.
As you read the scroll labelled YWKYTHR PIDI ZACA, it crumbles to dust.
It is a scroll of amnesia.
You feel forgetful for a moment.
As you read the scroll labelled TEIS JAOSIDYCK, it crumbles to dust.
It is a scroll of enchant armour.
Your +0 robe glows green for a moment.
Blink to where?
Press: ? - help, Dir - move target
As you read the scroll labelled XIMPIM XATOKY, it crumbles to dust.
It was a scroll of blinking.
As you read the scroll labelled YSUTOW QAAR, it crumbles to dust.
The air around you briefly surges with heat, but it dissipates.
It was a scroll of immolation.
Unknown command.
Are you sure you want to abandon this character and quit the game? (Confirm with "yes".)

###.###..###
#+##+###.###'###.
.......#......#..
.......#......#..
.......#......#..
.......'......#..
#####..##..######.
##).######).####
##
#.@............#
+..............+
##..###.###...##
#..# ### #####
..... ...<...
........ ..##...##


There were no monsters in sight!

Vanquished Creatures
  Sigmund (D:3)
  A wyvern (D:7)
  A water moccasin (D:6)
  An ice beast (D:7)
  A sky beast (D:6)
  A black bear (D:3)
  A hornet zombie (D:6)
  An ogre (D:6)
  3 phantoms
  3 scorpions
  5 bullfrogs
  A wyvern zombie (D:7)
  3 wights (D:6)
  A howler monkey (D:4)
  A centaur zombie (D:6)
  4 hounds
  4 jellies
  2 bullfrog zombies (D:6)
  2 bullfrog skeletons
  Crazy Yiuf (D:4)
  2 iguanas
  3 orc wizards (D:5)
  2 howler monkey zombies
  5 adders
  A shadow imp (D:6)
  A white imp (D:6)
  An ufetubus (D:6)
  2 worms
  2 dart slugs (D:1)
  18 orcs
  4 ball pythons
  9 bats
  11 endoplasms
  5 giant cockroaches
  11 goblins
  7 hobgoblins
  10 jackals
  9 kobolds
  2 quokkas (D:3)
  6 frilled lizards
  4 rats
153 creatures vanquished.

Vanquished Creatures (collateral kills)
  An ice beast (D:5)
  A hound (D:5)
2 creatures vanquished.

Vanquished Creatures (others)
  18 plants (D:4)
18 creatures vanquished.

Grand Total: 173 creatures vanquished

Notes
Turn   | Place    | Note
-------+----------+-------------------------------------------
     0 | D:1      | porpoise the Djinni Ice Elementalist began the quest for
                  | the Orb.
     0 | D:1      | Reached XP level 1. HP: 15/15 MP: 0/0
   360 | D:1      | Reached skill level 1 in Fighting
   360 | D:1      | Reached XP level 2. HP: 17/22 MP: 0/0
   978 | D:1      | Found a faded altar of an unknown god.
  1425 | D:1      | Reached XP level 3. HP: 27/27 MP: 0/0
  1425 | D:1      | Learned a level 1 spell: Shock
  2199 | D:2      | Reached skill level 2 in Fighting
  2214 | D:2      | Found a hide-covered altar of Uskayaw.
  2342 | D:2      | Reached XP level 4. HP: 26/34 MP: 0/0
  3333 | D:3      | Found a broken altar of Ashenzari.
  3512 | D:3      | Noticed a black bear
  3517 | D:3      | Killed a black bear
  3518 | D:3      | Reached skill level 3 in Fighting
  3518 | D:3      | Reached XP level 5. HP: 25/40 MP: 0/0
  3518 | D:3      | Learned a level 2 spell: Call Imp
  3817 | D:3      | Found a white marble altar of Elyvilon.
  3898 | D:3      | Noticed Sigmund
  3904 | D:3      | Killed Sigmund
  3905 | D:3      | Reached skill level 4 in Fighting
  3905 | D:3      | Reached skill level 5 in Spellcasting
  3905 | D:3      | Reached XP level 6. HP: 15/48 MP: 0/0
  4192 | D:3      | Found a glowing silver altar of Zin.
  4218 | D:3      | Reached XP level 7. HP: 49/53 MP: 0/0
  4218 | D:3      | Learned a level 3 spell: Ignite Poison
  4808 | D:4      | Reached skill level 5 in Fighting
  5064 | D:4      | Found a runed translucent door.
  5065 | D:4      | Noticed Crazy Yiuf
  5071 | D:4      | Killed Crazy Yiuf
  5487 | D:4      | Found Pagamim's Assorted Antiques.
  5505 | D:4      | Bought a red potion for 25 gold pieces
  5505 | D:4      | Bought a scroll labelled RASTOL LUSH for 28 gold pieces
  5505 | D:4      | Bought a scroll labelled VUPHAUFAOD for 28 gold pieces
  5505 | D:4      | Bought a fluorescent wand for 112 gold pieces
  5882 | D:5      | Entered Level 5 of the Dungeon
  6072 | D:5      | Reached skill level 6 in Fighting
  6072 | D:5      | Reached XP level 8. HP: 49/61 MP: 0/0
  7605 | D:6      | Reached skill level 7 in Fighting
  7970 | D:6      | Reached XP level 9. HP: 36/68 MP: 0/0
  7970 | D:6      | Learned a level 3 spell: Call Canine Familiar
  7987 | D:6      | HP: 1/68 [ogre/+0 giant club (24)]
  7991 | D:6      | Reached skill level 5 in Dodging
  8286 | D:6      | Found an ornate altar of the Wu Jian Council.
  8712 | D:7      | Found a staircase to the Ecumenical Temple.
  8732 | D:7      | Identified the Tome of Conjuration and Hexes
  8745 | Temple   | Entered the Ecumenical Temple
  8750 | Temple   | Became a worshipper of Makhleb the Destroyer
  9389 | D:7      | Reached skill level 5 in Stealth
  9845 | D:7      | Reached skill level 1 in Evocations
 10221 | D:8      | Reached skill level 8 in Fighting
 10743 | D:8      | Quit the game

Illustrated notes

Levels and vault maps discovered:
D:1:      minmay_arrival_pointy, layout_basic, ebering_ecumenical_altar_box,
          feat_on_display
D:2:      wander_river, layout_basic, basic_altar
D:3:      minmay_chambers_of_twos, layout_basic, general_overflow_altar,
          amcnicky_altar_gilded, evilmike_ruin_ashenzari, wad_rectangle_vault,
          uniq_sigmund
D:4:      layout_cave_pools, serial_bayou, serial_bayou_pond_b,
          serial_bayou_lake_a, serial_bayou_lagoon_a, serial_bayou_ford_a,
          serial_bayou_crossing, serial_shops, nicolae_shop_overgrown_old_shop,
          uniq_crazy_yiuf_cottage
D:5:      layout_basic, serial_glass, glass_columns_c, glass_columns_a,
          feat_on_display, due_unseen_surprise, minmay_strange_pillars
D:6:      layout_rooms, nzn_wu_jian_council_hall,
          minmay_fractal_squares_gapless_5
D:7:      layout_cave_pools, minmay_temple_entry_offerings
D:8:      layout_gridville, kennysheep_generic_room_8
Temple:   minmay_freezing_vapour_temple

Skill      XL: |  1  2  3  4  5  6  7  8  9 |
---------------+----------------------------+-----
Fighting       | 1 2 3 4 6 7 8 |  8.0
Spellcasting   | 4 5 6 7 |  7.0
Dodging        | 4 5 |  5.0
Stealth        | 3 5 |  5.0
Evocations     | 1 |  1.6

Action                   |  1- 3 |  4- 6 |  7- 9 || total
-------------------------+-------+-------+-------++-------
Melee: Dagger            |    12 |       |       ||    12
       Short sword       |    18 |    24 |    37 ||    79
 Fire: Hand crossbow     |       |     8 |   114 ||   122
Throw: Dart              |       |     1 |     1 ||     2
 Cast: Freeze            |    34 |     6 |    27 ||    67
       Ozocubu's Armour  |     1 |       |       ||     1
       Shock             |       |    23 |   107 ||   130
       Frozen Ramparts   |       |     6 |     3 ||     9
       Call Imp          |       |       |     3 ||     3
       Hailstorm         |       |       |     2 ||     2
       Call Canine Famil |       |       |     1 ||     1
  Use: Scroll            |       |       |    16 ||    16
       Potion            |       |       |     1 ||     1
 Stab: Sleeping          |     4 |       |       ||     4
Armor: Robe              |    13 |     9 |    24 ||    46
Dodge: Dodged            |    25 |    20 |    68 ||   113

Table legend: (Time is in decaauts)
 A = Elapsed time spent in this place.
 B = Non-inter-level travel time spent in this place.
 C = Inter-level travel time spent in this place.
 D = Time resting spent in this place.
 E = Time spent auto-exploring this place.
 F = Levels seen in this place.
 G = Mean time per level.
                   A        B        C        D        E       F      G
               +--------+--------+--------+--------+--------+-----+--------+
         Total |  10794 |  10551 |    243 |   5048 |   4380 |   9 | 1199.3 |
       Dungeon |  10784 |  10546 |    238 |   5048 |   4380 |   8 | 1348.0 |
        Temple |     10 |      5 |      5 |      0 |      0 |   1 |   10.0 |
               +--------+--------+--------+--------+--------+-----+--------+

Top non-repeatable levels by time:
     D:1: 1763 daAuts
     D:3: 1638 daAuts
     D:7: 1561 daAuts
     D:4: 1416 daAuts
     D:5: 1372 daAuts
     D:6: 1352 daAuts
     D:2: 1131 daAuts
     D:8: 547 daAuts
  Temple: 10 daAuts
